 Dungeon Crawl Stone Soup version 0.22-a0-355-g201945f (webtiles) character file.

30 zhorgal the Firebug (level 3, -10/31 HPs)
             Began as a Draconian Fire Elementalist on Apr 17, 2018.
             Mangled by an ogre
             ... wielding a +0 giant club
              (28 damage)
             ... on level 2 of the Dungeon.
             The game lasted 00:08:17 (1798 turns).

zhorgal the Firebug (Draconian Fire Elementalist)   Turns: 1798, Time: 00:08:18

Health: -10/31     AC:  5    Str: 10    XL:     3   Next: 3%
Magic:  1/6        EV: 12    Int: 16    God:
Gold:   68         SH:  0    Dex: 11    Spells: 5/6 levels left

rFire    . . .     SeeInvis .   e - +0 dagger
rCold    . . .     Gourm    .   (no shield)
rNeg     . . .     Faith    .   (armour unavailable)
rPois    .         Spirit   .   (helmet restricted)
rElec    .         Reflect  .   (no cloak)
rCorr    .         Harm     .   (no gloves)
MR       .....                  (no boots)
Stlth    ++........             (no amulet)
HPRegen  0.10/turn              (no ring)
MPRegen  0.10/turn              (no ring)

@: very slightly contaminated
A: unfitting armour, cold-blooded, AC +5
a: no special abilities


You were on level 2 of the Dungeon.
You were not hungry.

You visited 1 branch of the dungeon, and saw 2 of its levels.

You collected 68 gold pieces.

Inventory:

Hand Weapons
 e - a +0 dagger (weapon)
Missiles
 g - 31 stones (quivered)
Scrolls
 c - a scroll of remove curse {unknown}
 h - 5 scrolls of identify {unknown}
 i - a scroll of noise {unknown}
 l - a scroll of enchant weapon {unknown}
Potions
 a - a potion of flight {unknown}
 d - a potion of curing {unknown}
 f - 2 potions of berserk rage {unknown}
 j - 2 potions of heal wounds {unknown}
 k - a potion of degeneration {unknown}
 m - a potion of resistance {unknown}
Comestibles
 b - 3 rations
 n - a chunk of flesh


   Skills:
 + Level 3.0 Fighting
 - Level 1.7 Dodging
 - Level 1.7 Stealth
 - Level 2.0 Spellcasting
 - Level 1.0 Conjurations
 - Level 3.0 Fire Magic


You had 5 spell levels left.
You knew the following spells:

 Your Spells              Type           Power        Failure   Level  Hunger
a - Flame Tongue          Conj/Fire      #....        9%          1    #......


Dungeon Overview and Level Annotations

Branches:
Dungeon (2/15)

Altars:


Innate Abilities, Weirdness & Mutations

Your plain brown scales are hard. (AC +5)
You cannot fit into any form of body armour.
You are cold-blooded and may be slowed by cold attacks.


Message History

There is a stone staircase leading up here.
You can't see any susceptible monsters within range! (Use Z to cast anyway.)
Aim: an ogre, wielding a giant club The flame tongue hits the ogre.
You now have 5/6 mp.
Aim: an ogre, wielding a giant club (lightly wounded)
You miscast Flame Tongue.
You are very lightly contaminated with residual magic.
You are momentarily dazzled by a flash of light!
You now have 4/6 mp.
Aim: an ogre, wielding a giant club (lightly wounded)
The flame tongue hits the ogre.
The ogre barely misses you.
You now have 3/6 mp.
Aim: an ogre, wielding a giant club (moderately wounded)
The flame tongue hits the ogre.
The ogre hits you with a giant club!
You take 13 damage, and have 18/31 hp.
MASSIVE DAMAGE!!
You now have 2/6 mp.
Aim: an ogre, wielding a giant club (moderately wounded)
The flame tongue hits the ogre.
The ogre hits you with a giant club!!
Ouch! That really hurt!
You die...

#########
........###♣#♣#♣#♣.
.........gO@...[...
........###########
♣♣P♣♣♣♣..........
♣. ♣PP♣#.#######
♣P≈ ..P.♣.# ♣≈≈≈.
P.♣O# .# ♣≈≈≈ ♣.♣.#
..♣ P≈.♣♣#.#g♣ ...
♣P.♣....♣


You could see an ogre and a hobgoblin.

Vanquished Creatures
  2 dart slugs
  2 leopard geckos (D:1)
  A bat (D:1)
  A giant cockroach (D:1)
  3 goblins (D:1)
  5 hobgoblins (D:1)
  2 frilled lizards (D:1)
  3 kobolds (D:1)
  3 rats (D:1)
22 creatures vanquished.

Notes
Turn   | Place    | Note
-------+----------+-------------------------------------------
     0 | D:1      | zhorgal the Draconian Fire Elementalist began the quest for the Orb.
     0 | D:1      | Reached XP level 1. HP: 14/14 MP: 3/3
   265 | D:1      | Reached skill level 1 in Fighting
   526 | D:1      | Reached XP level 2. HP: 21/24 MP: 5/5
  1715 | D:2      | Reached XP level 3. HP: 27/31 MP: 6/6
  1769 | D:2      | Noticed an ogre
  1798 | D:2      | Mangled by an ogre

Vault maps used:
D:1:      minmay_arrival_four_circles, corexii_hall_statues_t,
          minmay_misc_feat_four_crosses
D:2:      lemuel_blue_sif_altar, serial_forest, infiniplex_forest_clump_curved,
          infiniplex_forest_corner_1, infiniplex_forest_lined_room_2,
          infiniplex_forest_pool, infiniplex_forest_lined_corner,
          infiniplex_forest_corner_2, infiniplex_forest_straight_2,
          infiniplex_forest_straight_3, infiniplex_forest_pool, first_ration

Skill      XL: |  1  2 |
---------------+-------+-----
Fighting       | 2 3 |  3.0
Dodging        | |  1.7
Stealth        | |  1.7
Spellcasting   | |  2.0
Conjurations   | |  1.0
Fire Magic     | |  3.0

Action                   || total
-------------------------++-------
Melee: Dagger            ||    82
       Unarmed           ||     4
       Tailslap          ||    13
 Cast: Flame Tongue      ||    16
 Stab: Sleeping          ||     1
  Eat: Chunk             ||     3
Armor: Skin              ||    15
Dodge: Dodged            ||    41

Table legend:
 A = Spawn XP
 B = Non-spawn XP
 C = Spawn XP percentage of total XP
 D = Spawn monster count
 E = Non-spawn monster count
 F = Spawn count percentage of total count
 G = Total turns spent on level
                    A         B        C        D         E        F      G
               +---------+---------+-------+---------+---------+-------+---------
         Total |       0 |      43 |   0.0 |       0 |      22 |   0.0 |  1798
               +---------+---------+-------+---------+---------+-------+---------
           D:1 |       0 |      39 |   0.0 |       0 |      21 |   0.0 |  1694
           D:2 |       0 |       4 |   0.0 |       0 |       1 |   0.0 |   104
               +---------+---------+-------+---------+---------+-------+---------
